Map: Submarine LE

Players

RazorTheHack - Winner!

  • Race: Zerg Zerg
  • League: Gold
  • Spawn Location: 11:00

Anka

  • Race: Zerg Zerg
  • League: Platinum
  • Spawn Location: 5:00

VOD

Have the link to the VOD?

Description

Time

  • Played on: Sept. 6, 2020, 2:04 p.m.
  • Length: 7:52
Show
View Real Time Build Order
Export as new Build Order

RazorTheHack Zerg - Winner!

Build Orders: Pool First 

Get SALT Encoding   

  12  0:00  Drone  
  13  0:13  Overlord  
  13  0:17  Drone  
  14  0:33  Drone x2  
  16  0:43  Spawning Pool  
  16  0:44  Drone  
  16  0:49  Drone  
  17  0:58  Drone  
  17  1:03  Extractor  
  17  1:09  Drone  
  18  1:19  Hatchery  
  17  1:30  Queen  
  19  1:33  Drone  
  19  1:35  Drone  
  21  1:44  Evolution Chamber  
  20  1:47  Drone  
  20  1:53  Overlord  
  21  2:12  Zerg Melee Weapons Level 1  
  21  2:13  Zergling x2  
  21  2:14  Zergling x2  
  23  2:24  Zergling x2  
  24  2:34  Zergling x4  
  26  2:41  Zergling x2  
  26  2:42  Zergling x4  
  29  2:52  Zergling x2  
  29  2:53  Zergling x2  
  29  2:56  Zergling x2  
  32  3:02  Zergling x2  
  33  3:12  Zergling x6  
  36  3:14  Overlord  
  36  3:16  Metabolic Boost  
  36  3:28  Lair  
  36  3:32  Queen  
  38  3:35  Drone x3  
  40  3:55  Drone  
  40  3:56  Roach Warren  
  40  3:57  Drone x2  
  40  3:58  Drone  
  40  4:26  Zergling x2  
  40  4:27  Zergling x14  
  39  4:35  Zergling x2  
  38  4:45  Extractor  
  37  4:48  Extractor, Glial Reconstitution  
  37  4:50  Roach  
  37  4:51  Roach x3  
  44  4:56  Overlord  
  44  5:05  Overseer  
  44  5:15  Drone  
  44  5:16  Drone x2  
  47  5:29  Roach x2  
  47  5:31  Overlord x3  
  44  5:57  Roach x7  
  44  6:00  Drone  
  44  6:01  Drone  
  44  6:02  Drone  
  59  6:09  Overlord  
  59  6:35  Roach x5  
  59  6:38  Drone  
  59  6:39  Drone  
  61  7:32  Roach x11  
Show
View Real Time Build Order
Export as new Build Order

Anka Zerg 

Build Orders: Hatch First 

Get SALT Encoding   

  12  0:01  Drone  
  13  0:13  Overlord  
  14  0:21  Drone  
  14  0:31  Drone  
  14  0:32  Drone  
  16  0:40  Drone  
  17  0:58  Hatchery  
  17  1:02  Extractor  
  17  1:03  Drone x2  
  17  1:18  Spawning Pool  
  16  1:19  Drone  
  16  1:24  Drone  
  18  1:30  Drone  
  19  1:39  Overlord  
  19  1:51  Overlord  
  19  2:05  Zergling x2  
  19  2:08  Metabolic Boost  
  20  2:10  Drone  
  20  2:15  Queen  
  23  2:17  Queen  
  23  2:20  Drone  
  27  2:30  Drone x2, Baneling Nest  
  27  2:35  Zergling x2  
  28  2:49  Spine Crawler  
  28  2:50  Zergling x6  
  30  3:03  Zergling x2  
  30  3:04  Zergling x2  
  32  3:06  Drone x2  
  34  3:14  Queen  
  34  3:16  Overlord  
  36  3:36  Zergling x2  
  36  3:37  Zergling x2  
  38  3:42  Hatchery  
  37  3:49  Zergling x2  
  37  3:50  Zergling x6  
  41  3:56  Baneling  
  41  3:57  Baneling x6  
  41  4:14  Zergling x2  
  41  4:15  Zergling x4  
  43  4:19  Overlord x2  
  43  4:21  Zergling x2  
  41  4:24  Overlord x2  
  41  4:25  Overlord  
  38  4:51  Drone  
  38  4:52  Drone x3  
  42  5:01  Hatchery, Baneling  
  42  5:02  Baneling x8  
  41  5:11  Extractor  
  40  5:14  Roach Warren  
  40  5:16  Drone  
  40  5:18  Drone  
  41  5:40  Zergling x2  
  41  5:41  Zergling x14  
  40  6:02  Roach  
  40  6:03  Roach x2  
  46  6:17  Drone  
  46  6:18  Drone x5  
  51  6:28  Roach  
  51  6:29  Roach x2  
  57  6:33  Queen  
  53  6:53  Zergling x2  
  54  6:54  Zergling x16  
  54  7:08  Zergling x2  
  54  7:09  Zergling x8  
  49  7:21  Zergling x2  
  49  7:22  Zergling x6  
  41  7:37  Drone x4  
Tags
 
Add a new tag
Caveats
  • Supply blocks, unpowered buildings, or Contaminate may cause inaccurate times.
  • Supply counts are checked every 10 seconds.